 Dungeon Crawl Stone Soup version 0.19-a0-1013-g40768a3 (webtiles) character file.

21 4thArraOfDagon the Skirmisher (level 2, -7/39 HPs)
             Began as a Centaur Abyssal Knight on July 24, 2016.
             Was a Follower of Lugonu.
             Mangled by an ogre
             ... wielding a +0 giant club
              (20 damage)
             ... on level 5 of the Dungeon.
             The game lasted 00:03:25 (589 turns).

4thArraOfDagon the Skirmisher (CeAK)                 Turns: 589, Time: 00:03:26

Health: -7/39      AC:  4    Str: 22 (23) XL:     2   Next: 65%
Magic:  3/3        EV:  9    Int:  9 (11) God:    Lugonu [*.....]
Gold:   78         SH:  0    Dex:  7 (8)  Spells: 0 memorised, 1 level left

rFire  . . .     SeeInvis .     a - +1 falchion
rCold  . . .     Gourm    +     b - +0 leather armour
rNeg   . . .     Faith    .     (no shield)
rPois  .         Spirit   .     (no helmet)
rElec  .         Dismiss  .     (no cloak)
rCorr  .         Reflect  .     (no gloves)
SustAt .         Harm     .     (no barding)
MR     .....                    i - amulet of the gourmand
Stlth  ..........               (no ring)
                                d - +4 ring of strength

@: berserking (expiring), very quick, not resistant to hostile enchantments,
extremely unstealthy
A: hooves 3, deformed body, speed 2, tough skin 3
a: Depart the Abyss, Renounce Religion


You were on level 5 of the Dungeon.
You worshipped Lugonu.
Lugonu was aware of your devotion.
You were not hungry.

You visited 1 branch of the dungeon, and saw 6 of its levels.
You visited the Abyss 1 time.

You collected 78 gold pieces.

Inventory:

Hand Weapons
 a - a +1 falchion (weapon)
Armour
 b - a +0 leather armour (worn)
Jewellery
 d - a +4 ring of strength (left hand)
 i - an amulet of the gourmand (around neck)
Scrolls
 g - a scroll of blinking
 j - a scroll of noise
 m - a scroll of remove curse
Comestibles
 c - 3 bread rations
 f - 2 meat rations


   Skills:
 - Level 3.0 Fighting
 * Level 2.3 Long Blades
 + Level 1.8 Armour
 - Level 0.6 Dodging
 + Level 2.4 Invocations


You had one spell level left.
You didn't know any spells.

Dungeon Overview and Level Annotations

Branches:
Dungeon (6/15)
 Temple: D:4-7

Altars:
Pakellas
Vehumet


Innate Abilities, Weirdness & Mutations

You have hooves in place of feet.
Armour fits poorly on your strangely shaped body.
You cover ground very quickly.
You have extremely tough skin. (AC +3)


Message History

You see here an emerald potion.
e - an emerald potion You see here a scroll of blinking.
g - a scroll of blinking You open the door.
Your magical contamination has completely faded away.
There is an open door here.
It was a potion of berserk rage.
A red film seems to cover your vision as you go berserk!
You feel yourself moving faster!
You feel mighty!
You feel a strong urge to attack something.
You barely miss the ogre. Your kick misses the ogre.
The ogre hits you with a giant club!!
Ouch! That really hurt!
You barely miss the ogre. You slash the ogre!
The ogre is heavily wounded.
The ogre hits you with a giant club!!
Ouch! That really hurt!
You die...

*,,....................#
*,,....................#***
*,,.........#+######....>,,
***#######'##,* *.....,, #.#*,*
*.....,, #.#*,* *,,..,,, #.#*,*
*,,,,,,, #O#*,* *,,,,,,,
****#@#*,* ******** #.....#*,*
#.###.#*,* ************,**###*,*
,,,,,,,,>,,,,,,,,,,,*************
************,,,,,,,,,,,,,,,,,,,,,
**********************


You could see an ogre.

Vanquished Creatures
  An adder (D:4)
  A dart slug (D:3)
  An orc (D:3)
  3 hobgoblins (D:3)
  A giant newt (D:3)
  A kobold (D:3)
  A quokka skeleton (D:4)
  A rat (D:1)
10 creatures vanquished.

Notes
Turn   | Place    | Note
-------+----------+-------------------------------------------
     0 | Abyss:1  | 4thArraOfDagon the Centaur Abyssal Knight began the quest for the Orb.
     0 | Abyss:1  | Reached XP level 1. HP: 19/19 MP: 2/2
    38 | Abyss:1  | 4thArraOfDagon: abysstaur4lyve
   102 | Abyss:1  | Noticed a small abomination
   103 | Abyss:1  | Noticed a large abomination
   112 | Abyss:1  | Noticed a tentacled starspawn
   113 | Abyss:1  | Found a corrupted altar of Lugonu.
   130 | Abyss:1  | Noticed a spatial vortex
   132 | Abyss:1  | Noticed a spatial maelstrom
   135 | Abyss:1  | BLOAX: beware the 27-headed hydrataur dual-wielding +27,27 quick blades of distortion
   135 | D:1      | Escaped the Abyss
   232 | D:3      | Reached * piety under Lugonu
   241 | D:3      | Reached XP level 2. HP: 21/26 MP: 3/3
   290 | D:2      | Found an oddly glowing altar of Pakellas.
   352 | D:3      | Found a radiant altar of Vehumet.
   429 | D:4      | Noticed a phantom
   433 | D:5      | Entered Level 5 of the Dungeon
   484 | D:5      | Noticed an ogre
   589 | D:5      | Mangled by an ogre

Vault maps used:
D:1:      dpeg_arrival_line_fractal, wad_floor_pattern_2
D:2:      good_gods_temple_1, lemuel_zombie_altar_kikubaaqudgha,
          nicolae_overflow_hidden_temple, ecumenical_altar_2
D:3:      tgw_trog, lemuel_doored_altar, first_bread
D:4:      saegor_snake_ambush
D:6:      nicolae_overflow_quartered_altars, due_unseen_surprise

Skill      XL: |  1 |
---------------+----+-----
Long Blades    | 2 |  2.3
Fighting       | |  3.0
Armour         | |  1.8
Dodging        | |  0.6
Invocations    | |  2.4

Action                   || total
-------------------------++-------
Melee: Falchion          ||    36
       Kick              ||    10
Invok: Depart the Abyss  ||     1
  Use: Scroll            ||     6
       Potion            ||     3
Armor: Leather armour    ||     9
Dodge: Dodged            ||     9
